 Dungeon Crawl Stone Soup version 0.24.1-14-gf8d2b509d9 (webtiles) character file.

Game seed: 13688312649130503407, levelgen mode: deterministic

15868 Hugehornet the Unseen (level 12, -7/74 HPs)
             Began as an Octopode Assassin on May 18, 2020.
             Was an Initiate of Gozag.
             Mangled by a sixfirhy (10 damage)
             ... in a Gauntlet.
             The game lasted 00:49:50 (15696 turns).

Hugehornet the Unseen (Octopode Assassin)          Turns: 15696, Time: 00:49:51

Health: -7/74      AC: -3    Str: 11    XL:     12   Next: 31%
Magic:  16/16      EV: 15    Int: 17    God:    Gozag
Gold:   669        SH:  6    Dex: 24    Spells: 11/11 levels left

rFire    + . .     SeeInvis .   Q - +0 rapier (flame)
rCold    + . .     Gourm    .   A - +0 buckler
rNeg     . . .     Faith    .   (helmet restricted)
rPois    .         Spirit   .   (no amulet)
rElec    .         Reflect  .   L - ring of Siagudijidd {*Corrode +Blink rF+ Int+3 Dex+7}
rCorr    .         Harm     .   M - ring of protection from cold
MR       +....     Rnd*Rage +   v - +5 ring of slaying Stlth +++++++++.NoTele +
                                I - ring of stealth
HPRegen  0.22/turn              V - ring of protection from magic
MPRegen  0.15/turn              (no ring)
                                (no ring)
                                (no ring)

@: corroded, gold aura
A: almost no armour, stealthy swim, amphibious, 8 rings, constrict 8, camouflage
1, berserk 1, mutation resistance 1, gelatinous body 1
a: Potion Petition, Call Merchant, Bribe Branch, Renounce Religion, Evoke Blink


You were in a Gauntlet.
You worshipped Gozag.
Gozag was pleased with you.
You were not hungry.

You visited 3 branches of the dungeon, and saw 14 of its levels.
You also visited: Ossuary, Gauntlet and Ice Cave.

You collected 2548 gold pieces.
You spent 587 gold pieces at shops.
You paid 1292 gold pieces to Gozag.

Inventory:

Hand Weapons
 a - a +2 dagger
 c - a +0 dagger of electrocution
 o - a +4 short sword
 s - a +0 rapier
 D - a +2 short sword of draining
 G - a +2 dagger of flaming
 Q - a +0 rapier of flaming (weapon)
Missiles
 b - 46 poisoned darts (quivered)
 u - 6 datura-tipped darts
 K - a curare-tipped dart
Armour
 A - a +0 buckler (worn)
Jewellery
 v - a +5 ring of slaying (on tentacle)
 I - a ring of stealth (on tentacle)
 L - the ring of Siagudijidd (left tentacle) {*Corrode +Blink rF+ Int+3 Dex+7}
   (You found it on level 9 of the Dungeon)

   [ring of intelligence]

   It affects your intelligence (+3).
   It affects your dexterity (+7).
   It protects you from fire.
   It lets you blink.
   It may corrode you when you take damage.
 M - a ring of protection from cold (right tentacle)
 V - a ring of protection from magic (on tentacle)
Wands
 q - a wand of acid (19)
 J - a wand of disintegration (1)
 R - a wand of enslavement (8)
Scrolls
 f - 9 scrolls of teleportation
 h - a scroll of magic mapping
 j - 3 scrolls of immolation
 l - 2 scrolls of enchant armour
 m - 3 scrolls of amnesia
 n - 2 scrolls of fear
 p - 3 scrolls of random uselessness {unknown}
 t - 3 scrolls of fog
 w - 2 scrolls of identify
 x - 2 scrolls of blinking
 y - 2 scrolls of remove curse
 z - a scroll of summoning
 F - a scroll of torment
 H - 2 scrolls of enchant weapon
 P - a scroll of noise
 S - a scroll of vulnerability
Potions
 e - 5 potions of magic
 g - a potion of lignification
 i - a potion of berserk rage
 k - a potion of resistance
 r - 4 potions of curing
 B - a potion of flight
 C - 2 potions of agility
 E - 2 potions of might
 N - 3 potions of ambrosia
 O - a potion of haste
 U - a potion of cancellation {unknown}
 W - a potion of heal wounds
Miscellaneous
 T - a box of beasts
Comestibles
 d - 10 rations


   Skills:
 + Level 3.6 Fighting
 + Level 12.0 Short Blades
 - Level 6.0 Throwing
 + Level 3.1 Dodging
 * Level 16.9 Stealth
 - Level 4.1 Shields
 + Level 5.3 Evocations


You had 11 spell levels left.
You didn't know any spells.
Your spell library contained the following spells:

 Spells                   Type           Power        Failure   Level  Hunger
 Sting                    Conj/Pois      #...         24%         1    ##.....
 Poisonous Vapours        Pois/Air       #.....       34%         2    ###....
 Mephitic Cloud           Conj/Pois/Air  #.......     56%         3    ####...
 Olgreb's Toxic Radiance  Pois           #.......     93%         4    #####..
 Venom Bolt               Conj/Pois      #.........   100%        5    ######.


Dungeon Overview and Level Annotations

Branches:
Dungeon (9/15)             Temple (1/1) D:5            Lair (4/6) D:8
 Shoals (0/4) Lair:4        Snake (0/4) Lair:3      Ossuary (visited)
  IceCv (visited)         Gauntlet (1/1)
    Orc: D:9-12

Altars:
Cheibriados
Gozag
Hepliaklqana
Makhleb
Qazlal
Sif Muna
Trog
Uskayaw
Wu Jian
Xom
Yredelemnul
Zin

Shops:
D:5 ?   D:8 [   Lair:1 =

Annotations:
Gauntlet 11 transporters, 3 runed translucent doors


Innate Abilities, Weirdness & Mutations

You cannot wear most types of armour.
You are very stealthy in the water. (Stealth+)
You are amphibious.
You can wear up to eight rings at the same time.
You can use your tentacles to constrict eight enemies at once.
Your skin changes colour to match your surroundings (Stealth+).
Your rubbery body absorbs attacks. (AC +1, EV +1)
You tend to lose your temper in combat.
You are somewhat resistant to further mutation.


Message History

Your squeeze misses the sixfirhy. You barely miss the sixfirhy.
You grab the sixfirhy.
You constrict the sixfirhy, but do no damage.
You hit the sixfirhy. You burn the sixfirhy. You squeeze the sixfirhy!
The sixfirhy is moderately wounded.
You constrict the sixfirhy. You puncture the sixfirhy! You burn the sixfirhy.
The sixfirhy is severely wounded.
You constrict the sixfirhy. The sixfirhy hits you! The sixfirhy shocks you!
You barely miss the sixfirhy.
The sixfirhy is severely wounded.
You constrict the sixfirhy. The sixfirhy hits you!
* * * LOW HITPOINT WARNING * * *
The sixfirhy shocks you!
* * * LOW HITPOINT WARNING * * *
The sixfirhy hits you.
* * * LOW HITPOINT WARNING * * *
The sixfirhy shocks you!
You die...
Your body crumbles into a pile of gold.

#≈..#....3....#..≈#
##########..#.#.....#.#..##
#≈#≈#§#≈#§..#..#####..#..≈#
..........∩.#..##.##..#..##
.....©......#....©....#..≈#
.#########..#..##.##..#..##
.#^#.#..##..#..#####..#..§#
.##.#.##.#..#.#3..$.#.#..##
.##.##..##..#...@©.$..#..§#
.#.#.©#.##..###########..##
.#.##..#.#......#©#......≈#
.##z.###.#......#©#......##
.##zz©..##..###########..≈#
.#########..#.........#..##
....#©#.....#.........#..≈#
....#©#.....#.#######.#..##
.#########..##.#x#.#.##..≈#


You could see a sixfirhy.

Vanquished Creatures
  A hydra (Lair:4)
  3 ugly things
  A black mamba (Lair:3)
  2 ice statues (IceCv)
  2 spiny frogs
  A rime drake (Lair:2)
  4 komodo dragons
  A hornet (D:8)
  9 blink frogs
  5 hippogriffs
  A yak (D:8)
  Sigmund (D:2)
  Eustachio (D:4)
  A basilisk (Lair:2)
  Edmund (D:5)
  6 nagas (Lair:3)
  2 water moccasins
  5 porcupines
  14 ice beasts
  4 orc warriors
  A sky beast (D:9)
  3 black bears
  A necrophage (D:8)
  3 phantoms
  4 ogres
  3 centaurs (D:8)
  5 crocodiles
  6 wolves (Lair:4)
  A big kobold (D:8)
  A gnoll sergeant (D:4)
  4 bullfrogs
  9 scorpions (Ossuary)
  5 howler monkeys
  5 wights (D:6)
  3 crimson imps
  A bullfrog zombie (D:6)
  3 centaur zombies
  4 jellies
  6 hounds
  3 orc priests
  A bullfrog skeleton (D:9)
  2 iguanas
  12 orc wizards
  3 worker ants (D:4)
  A big kobold zombie (Ossuary)
  A hound zombie (D:8)
  3 mummies (Ossuary)
  2 worker ant zombies (D:6)
  9 adders
  5 gnolls (D:4)
  3 scorpion zombies (Ossuary)
  2 ufetubi (Gauntlet)
  An adder skeleton (D:7)
  4 worms
  2 dart slugs
  3 leopard geckos
  16 orcs
  4 giant cockroaches
  7 goblins
  6 hobgoblins
  7 jackals
  8 kobolds
  3 quokkas
  2 ball pythons
  2 bats
  2 frilled lizards (D:2)
  2 goblin zombies (Ossuary)
  6 kobold zombies (Ossuary)
  4 orc zombies (Ossuary)
  A quokka zombie (D:6)
  4 rats
264 creatures vanquished.

Vanquished Creatures (others)
  3 fungi (Lair:3)
  A plant (Lair:3)
4 creatures vanquished.

Grand Total: 268 creatures vanquished

Notes
Turn   | Place    | Note
-------+----------+-------------------------------------------
     0 | D:1      | Hugehornet the Octopode Assassin began the quest for the
                  | Orb.
     0 | D:1      | Reached XP level 1. HP: 14/14 MP: 1/1
   183 | D:1      | Reached XP level 2. HP: 16/19 MP: 2/2
   347 | D:1      | Reached skill level 6 in Stealth
   673 | D:2      | Reached XP level 3. HP: 12/24 MP: 3/3
  1348 | D:2      | Noticed Sigmund
  1365 | D:2      | Killed Sigmund
  1365 | D:2      | Reached skill level 8 in Stealth
  1365 | D:2      | Reached XP level 4. HP: 18/29 MP: 4/4
  1365 | D:2      | Reached XP level 5. HP: 22/34 MP: 5/5
  1904 | D:3      | Reached XP level 6. HP: 17/39 MP: 6/6
  2244 | D:3      | Reached skill level 9 in Stealth
  2411 | D:3      | Found a basalt altar of Yredelemnul.
  2773 | D:4      | Noticed Eustachio
  2786 | D:4      | Killed Eustachio
  2786 | D:4      | Reached XP level 7. HP: 24/45 MP: 7/7
  3186 | D:4      | Reached skill level 10 in Stealth
  3620 | D:4      | Found a stormy altar of Qazlal.
  3944 | D:4      | Reached skill level 5 in Short Blades
  4443 | D:4      | Reached skill level 11 in Stealth
  4621 | D:5      | Entered Level 5 of the Dungeon
  4761 | D:5      | Noticed Edmund
  4783 | D:5      | Killed Edmund
  4783 | D:5      | Reached XP level 8. HP: 19/50 MP: 8/8
  5055 | D:5      | Found a staircase to the Ecumenical Temple.
  5068 | Temple   | Entered the Ecumenical Temple
  5125 | Temple   | Became a worshipper of Gozag Ym Sagoz the Greedy
  5390 | D:5      | Found Zosmapt's Magic Scroll Boutique.
  5394 | D:5      | Bought a scroll of blinking for 90 gold pieces
  5394 | D:5      | Bought a scroll of remove curse for 36 gold pieces
  5750 | D:6      | Reached skill level 12 in Stealth
  5902 | D:5      | Bought a scroll of summoning for 114 gold pieces
  5993 | D:6      | Found a bloodstained altar of Trog.
  6964 | D:6      | Found a hazy altar of Hepliaklqana.
  6964 | D:6      | Found a glowing silver altar of Zin.
  6970 | D:6      | Found a shimmering altar of Xom.
  6972 | D:6      | Found an ornate altar of the Wu Jian Council.
  6973 | D:6      | Found a snail-covered altar of Cheibriados.
  6984 | D:6      | Reached XP level 9. HP: 49/54 MP: 9/9
  7065 | D:5      | Bought a scroll of identify for 24 gold pieces
  7065 | D:5      | Bought a scroll of identify for 24 gold pieces
  7067 | D:5      | Bought 3 scrolls of identify for 72 gold pieces
  7155 | D:7      | Reached skill level 1 in Shields
  7290 | D:7      | Found a sand-covered staircase.
  7296 | Ossuary  | Entered an ossuary
  9296 | D:8      | Reached skill level 13 in Stealth
  9297 | D:8      | Found an ornate altar of the Wu Jian Council.
  9320 | D:8      | Noticed a hornet
  9348 | D:8      | Killed a hornet
  9348 | D:8      | Reached XP level 10. HP: 25/60 MP: 10/10
  9783 | D:8      | Found a staircase to the Lair.
  9785 | D:8      | Reached skill level 5 in Throwing
  9831 | D:8      | Noticed a green ugly thing
  9843 | D:8      | Killed a green ugly thing
  9843 | D:8      | Reached skill level 14 in Stealth
 10172 | D:8      | Gained mutation: Your spells are a little easier to cast,
                  | but a little less powerful. [potion of mutation]
 10172 | D:8      | Gained mutation: You tend to lose your temper in combat.
                  | [potion of mutation]
 10172 | D:8      | Lost mutation: Your spells are a little easier to cast, but
                  | a little less powerful. [potion of mutation]
 10172 | D:8      | Gained mutation: You are somewhat resistant to further
                  | mutation. [potion of mutation]
 10707 | D:9      | Found a hide-covered altar of Uskayaw.
 10775 | D:9      | Reached skill level 10 in Short Blades
 11110 | D:9      | Got a flickering golden ring
 11111 | D:9      | Identified the ring of Siagudijidd {*Corrode +Blink rF+
                  | Int+3 Dex+7} (You found it on level 9 of the Dungeon)
 11186 | D:9      | Reached skill level 1 in Evocations
 11259 | D:9      | Found a shimmering blue altar of Sif Muna.
 11695 | Lair:1   | Entered Level 1 of the Lair of Beasts
 11699 | Lair:1   | Reached XP level 11. HP: 64/64 MP: 12/12
 11711 | Lair:1   | Reached skill level 15 in Stealth
 11753 | Lair:1   | Found a frozen archway.
 11849 | IceCv    | Entered an ice cave
 11849 | IceCv    | Noticed a white ugly thing
 11857 | IceCv    | Killed a green ugly thing
 11866 | IceCv    | Found a transporter.
 11940 | IceCv    | Got a dazzling longbow
 11946 | IceCv    | Noticed a white ugly thing
 11947 | IceCv    | Found a transporter.
 11949 | IceCv    | Killed a white ugly thing
 11958 | IceCv    | HP: 3/64 [something (10)]
 12217 | Lair:1   | Bought an uncursed ring of stealth for 227 gold pieces
 12359 | Lair:1   | Reached skill level 16 in Stealth
 13736 | Lair:3   | Noticed a six-headed hydra
 14184 | Lair:3   | Reached XP level 12. HP: 26/72 MP: 13/15
 14205 | Lair:3   | Reached skill level 5 in Evocations
 15132 | Lair:3   | Found a staircase to the Snake Pit.
 15276 | Lair:4   | Noticed a seven-headed hydra
 15281 | Lair:4   | Killed a seven-headed hydra
 15334 | Lair:4   | Noticed a seven-headed hydra
 15341 | Lair:4   | Found a gate leading to a gauntlet.
 15378 | Gauntlet | Entered a Gauntlet
 15378 | Gauntlet | Found a transporter.
 15378 | Gauntlet | Found a transporter.
 15378 | Gauntlet | Found a transporter.
 15412 | Gauntlet | Found a transporter.
 15413 | Gauntlet | Found a transporter.
 15416 | Gauntlet | Found a transporter.
 15424 | Gauntlet | Found a transporter.
 15424 | Gauntlet | Found a transporter.
 15425 | Gauntlet | Found a transporter.
 15427 | Gauntlet | Found a transporter.
 15432 | Gauntlet | Noticed a death yak
 15433 | Gauntlet | Found a runed translucent gate.
 15433 | Gauntlet | Found a runed translucent gate.
 15433 | Gauntlet | Found a runed translucent gate.
 15433 | Gauntlet | Noticed a ghost crab
 15433 | Gauntlet | Noticed a death yak
 15435 | Gauntlet | Noticed a death yak
 15436 | Gauntlet | Noticed a death yak
 15438 | Gauntlet | Found a transporter.
 15438 | Gauntlet | Noticed a death yak
 15439 | Gauntlet | Found a transporter.
 15447 | Gauntlet | Noticed a death yak
 15696 | Gauntlet | HP: 3/74 [sixfirhy (2)]
 15696 | Gauntlet | Mangled by a sixfirhy

Levels and vault maps discovered:
D:1:      ebering_trefoil_twist, layout_loops_cross
D:2:      layout_loops_ring, minmay_split_cup_small, uniq_sigmund
D:3:      layout_loops_cross, nicolae_overflow_hidden_temple
D:4:      layout_loops_cross, lemuel_crystal_altar, serial_forest,
          infiniplex_forest_lined_3, infiniplex_forest_lined_3_way,
          infiniplex_forest_zigzag_1, infiniplex_forest_clump_double,
          infiniplex_forest_clump_medium, infiniplex_forest_end_double,
          infiniplex_forest_end_2, grunt_ministairs_7, lightli_minifort,
          uniq_eustachio
D:5:      layout_loops_ring, minmay_temple_entry_tees, first_ration,
          serial_shops, nicolae_shop_stone, uniq_edmund
D:6:      layout_rooms, bloody_trog, chequers_temple_overflow_minitemple
D:7:      layout_basic, enter_ossuary_3
D:8:      layout_loops_ring, david_lair_generic, basic_altar
D:9:      kennysheep_orc_sif_temple, layout_irregular_city, lemuel_doored_altar
Temple:   oiseaux_autumnal_temple
Lair:1:   layout_cave_shapes, portal_ice_cave_entry_ice_beasts, minivault_11
Lair:2:   layout_hall_layers
Lair:3:   layout_hall_layers, minmay_snake_entry_guardpost_medium,
          grunt_megastairs_1
Lair:4:   layout_gridlike, minmay_shoals_entry_hut, gauntlet_entry_generic,
          grunt_forest_small_clearing_treed, grunt_megastairs_5
Gauntlet: minmay_gauntlet_mixed_big_or_small [nicolae_gauntlet_arena_blocks,
          minmay_gauntlet_arena_77_mess, gammafunk_gauntlet_arena_teeth,
          minmay_gauntlet_arena_77_fan, gammafunk_gauntlet_arena_crates,
          minmay_gauntlet_arena_77_run_for_it, gauntlet_exit_hidden_loot]

Skill      XL: |  1  2  3  4  5  6  7  8  9 10 11 12 |
---------------+-------------------------------------+-----
Stealth        | 6 8 9 11 12 13 14 16 | 16.9
Short Blades   | 3 4 5 7 9 10 11 12 | 12.0
Throwing       | 3 4 5 6 |  6.0
Shields        | 4 |  4.1
Evocations     | 2 4 5 |  5.3
Dodging        | 2 3 |  3.1
Fighting       | 3 |  3.6

Action                   |  1- 3 |  4- 6 |  7- 9 | 10-12 || total
-------------------------+-------+-------+-------+-------++-------
Melee: Dagger            |    49 |    47 |   348 |   146 ||   590
       Constrict         |    10 |    13 |    60 |    31 ||   114
       Tentacles         |     6 |     9 |    88 |   121 ||   224
       Short sword       |       |     7 |    24 |   243 ||   274
       Rapier            |       |       |       |    12 ||    12
Throw: Dart              |     9 |       |    31 |     9 ||    49
Invok: Call Merchant     |       |       |       |     2 ||     2
 Abil: Evoke Blink       |       |       |       |     5 ||     5
Evoke: Wand              |       |       |       |    12 ||    12
  Use: Scroll            |       |       |    21 |     6 ||    27
       Potion            |       |       |     7 |     6 ||    13
 Stab: Sleeping          |    11 |    10 |    27 |    25 ||    73
       Distracted        |       |     1 |     7 |     7 ||    15
       Invisible         |       |       |       |    10 ||    10
  Eat: Chunk             |     1 |     5 |     7 |       ||    13
       Ration            |       |       |     4 |     6 ||    10
Armor: Skin              |       |     1 |     9 |     6 ||    16
Dodge: Dodged            |    20 |    23 |   130 |   118 ||   291
Block: Buckler           |       |       |       |    57 ||    57
